 Dungeon Crawl Stone Soup version 0.30.1-11-g7821555f0a (webtiles) character file.

Game seed: 12479697029447716705

588 Janerl the Cudgeller (level 7, -2/62 HPs)
             Began as a Minotaur Berserker on Dec 9, 2023.
             Was a Priest of Trog.
             Frozen to death by an endoplasm (3 damage)
             ... on level 4 of the Dungeon.
             The game lasted 00:09:45 (2477 turns).

Janerl the Cudgeller (Minotaur Berserker)           Turns: 2477, Time: 00:09:46

Health: -2/62      AC: 10    Str: 21    XL:     7   Next: 15%
Magic:  6/6        EV:  9    Int:  6    God:    Trog [***...]
Gold:   90         SH:  0    Dex: 10    Spells: 6/6 levels left

rFire   . . .        q - +5 Force Lance {heavy, knockback}
rCold   . . .        (no shield)
rNeg    . . .        p - +0 chain mail
rPois   .            (helmet restricted)
rElec   .            (no cloak)
rCorr   .            k - +0 pair of gloves
SInv    .            (no boots)
Will    .....        (no amulet) Stlth
                     (no ring)
HPRegen 0.30/turn    (no ring)
MPRegen 0.10/turn

%: no passive effects
@: lethally poisoned (-2 -> -5), flying, hasted, very quick
A: horns 2, retaliatory headbutt
a: Renounce Religion, Berserk, Trog's Hand


You were on level 4 of the Dungeon.
You worshipped Trog.
Trog was most pleased with you.
You visited 1 branch of the dungeon, and saw 4 of its levels.

You collected 90 gold pieces.

Inventory:

Hand Weapons
 a - a +0 mace
 q - the +5 Force Lance (weapon) {heavy, knockback}
   (You found it on level 4 of the Dungeon)
 u - a +1 hand axe of electrocution
 w - a +0 war axe
Missiles
 c - 3 poisoned darts (quivered)
Armour
 b - a +0 animal skin
 k - a +0 pair of gloves (worn)
 m - a scarf of harm
 p - a +0 chain mail (worn)
Jewellery
 d - a ring of protection from fire
 g - a ring of protection from fire
 t - an amulet of magic regeneration
Wands
 x - a wand of flame (21)
Scrolls
 f - 4 scrolls of identify {unknown}
 j - 2 scrolls of vulnerability {unknown}
 l - a scroll of enchant weapon {unknown}
 n - a scroll of fear {unknown}
 r - 2 scrolls of teleportation {unknown}
 s - a scroll of amnesia {unknown}
 v - a scroll of noise {unknown}
 y - a scroll of blinking {unknown}
Potions
 h - 3 potions of flight
 i - a potion of berserk rage {unknown}
 o - a potion of brilliance {unknown}


   Skills:
 + Level 5.9 Fighting
 + Level 6.3 Maces & Flails
 + Level 3.0 Polearms
 + Level 4.0 Armour
 + Level 3.6 Dodging
 + Level 1.0 Stealth


You had 6 spell levels left.
You didn't know any spells.
Your spell library was empty.

Dungeon Overview and Level Annotations

Branches:
Dungeon (4/15)
 Temple: D:4-7

Altars:
Uskayaw
Yredelemnul


Innate Abilities, Weirdness & Mutations

You have a pair of horns on your head.
You reflexively headbutt those who attack you in melee.


Message History

The endoplasm freezes you.
You are frozen.
Your Polearms skill increases to level 3!
Your Armour skill increases to level 4!
Your Stealth skill increases to level 1!
You have reached level 7!
You hit the iguana.
The iguana is lightly wounded.
You feel very sick. The endoplasm freezes you.
You are frozen.
The iguana bites you.
You closely miss the iguana.
The iguana is lightly wounded.
You feel very sick.
The endoplasm hits you but does no damage.
The iguana bites you but does no damage.
You barely miss the iguana. You headbutt the iguana.
The iguana is moderately wounded.
You feel very sick.
The endoplasm hits you but does no damage.
The iguana bites you.
* * * LOW HITPOINT WARNING * * *
The iguana barely misses you. The endoplasm freezes you.
You are frozen.
* * * LOW HITPOINT WARNING * * *
It was a potion of flight.
You feel very buoyant.
You fly up into the air.
* * * LOW HITPOINT WARNING * * *
You feel sick. The iguana bites you.
* * * LOW HITPOINT WARNING * * *
The endoplasm hits you.
* * * LOW HITPOINT WARNING * * *
It was a potion of haste.
You feel yourself speed up.
* * * LOW HITPOINT WARNING * * *
You feel sick. The endoplasm freezes you.
You are frozen.
You die...

###
######
........#
......
........#
######
.)......#
........#
........#
........#
......l.#
......J@#
...?....#
........#
........#
#########


You could see an iguana and an endoplasm.

Vanquished Creatures
  Sigmund (D:2)
  A water moccasin (D:4)
  A sky beast (D:4)
  A scorpion (D:3)
  Crazy Yiuf (D:3)
  Terence (D:2)
  A gnoll (D:2)
  5 adders
  A dart slug (D:1)
  An orc (D:3)
  7 bats
  5 endoplasms
  6 giant cockroaches
  4 goblins
  4 hobgoblins
  8 jackals
  2 kobolds
  4 quokkas
  7 ball pythons
  4 frilled lizards
  5 rats
70 creatures vanquished.

Notes
Turn   | Place    | Note
-------+----------+-------------------------------------------
     0 | D:1      | Janerl the Minotaur Berserker began the quest for the Orb.
     0 | D:1      | Reached XP level 1. HP: 19/19 MP: 0/0
   326 | D:1      | Reached XP level 2. HP: 24/27 MP: 1/1
   634 | D:1      | Reached skill level 4 in Maces & Flails
   975 | D:2      | Reached XP level 3. HP: 28/33 MP: 2/2
  1186 | D:2      | You fall into a shaft and drop 2 floors!
  1227 | D:4      | Found the +5 Force Lance {heavy, knockback}
  1243 | D:4      | Noticed a sky beast
  1255 | D:4      | Killed a sky beast
  1256 | D:4      | Reached skill level 5 in Maces & Flails
  1256 | D:4      | Reached XP level 4. HP: 19/41 MP: 3/3
  1364 | D:4      | Reached XP level 5. HP: 47/47 MP: 4/4
  1440 | D:2      | Noticed Sigmund
  1443 | D:2      | Killed Sigmund
  1444 | D:2      | Reached skill level 5 in Fighting
  1444 | D:2      | Reached skill level 6 in Maces & Flails
  1444 | D:2      | Reached skill level 1 in Polearms
  1444 | D:2      | Reached XP level 6. HP: 56/56 MP: 5/5
  1461 | D:2      | Reached ** piety under Trog
  1672 | D:2      | Found a basalt altar of Yredelemnul.
  1676 | D:2      | Noticed Terence
  1682 | D:2      | Killed Terence
  2075 | D:3      | Found a runed translucent door.
  2076 | D:3      | Noticed Crazy Yiuf
  2082 | D:3      | Killed Crazy Yiuf
  2214 | D:3      | Found a hide-covered altar of Uskayaw.
  2385 | D:3      | Reached *** piety under Trog
  2468 | D:4      | Noticed a water moccasin
  2472 | D:4      | Killed a water moccasin
  2473 | D:4      | Reached skill level 1 in Stealth
  2473 | D:4      | Reached XP level 7. HP: 31/62 MP: 6/6
  2476 | D:4      | HP: 2/62 [endoplasm (2)]
  2477 | D:4      | Frozen to death by an endoplasm

Illustrated notes

Levels and vault maps discovered:
D:1:      dpeg_arrival_tiny_k, layout_basic
D:2:      layout_loops_corners, basic_altar, kennysheep_generic_room_7,
          uniq_sigmund, uniq_terence
D:3:      layout_rooms, lemuel_crystal_altar, uniq_crazy_yiuf_cottage
D:4:      layout_basic

Skill      XL: |  1  2  3  4  5  6 |
---------------+-------------------+-----
Fighting       | 4 5 |  5.9
Maces & Flails | 4 5 6 |  6.3
Armour         | 3 4 |  4.0
Polearms       | 1 3 |  3.0
Dodging        | 3 |  3.6
Stealth        | 1 |  1.0

Action                     |  1- 3 |  4- 6 |  7- 9 || total
---------------------------+-------+-------+-------++-------
  Melee: Mace              |    33 |       |       ||    33
         Headbutt          |    10 |    11 |     1 ||    22
         Lance             |     8 |    70 |     3 ||    81
    Use: Potion            |       |       |     2 ||     2
 Armour: Animal skin       |     8 |       |       ||     8
         Chain mail        |     7 |    42 |     3 ||    52
  Dodge: Dodged            |    31 |    50 |     1 ||    82
